 Dungeon Crawl Stone Soup version 0.28-a0-843-gb979743d38 (webtiles) character file.

Game seed: 3647181557934031063

104 Ijustatesigmund the Skirmisher (level 4, -3/30 HPs)
             Began as a Gargoyle Fighter on Nov 12, 2021.
             Slain by an ogre (14 damage)
             ... on level 4 of the Dungeon.
             The game lasted 00:03:15 (2282 turns).

Ijustatesigmund the Skirmisher (Gargoyle Fighter)   Turns: 2282, Time: 00:03:15

Health: -3/30      AC: 11    Str: 19    XL:     4   Next: 80%
Magic:  4/4        EV:  9    Int: 10    God:
Gold:   150        SH:  4    Dex:  9    Spells: 2/3 levels left

rFire   . . .      SeeInvis .   a - +0 flail
rCold   . . .      Faith    .   c - +0 buckler
rNeg    + . .      Spirit   .   b - +1 scale mail {Will+}
rPois   ∞          Reflect  .   (no helmet)
rElec   +          Harm     .   (no cloak)
rCorr   .          Rampage  .   (no gloves)
Will    +....                   (no boots)
Stlth   ..........              h - amulet of regeneration
HPRegen 1.10/turn               (no ring)
MPRegen 0.09/turn               (no ring)

@: mighty
A: sickness immunity, AC +3, negative energy resistance 1, electricity
resistance, torment resistance 1, petrification resistance
a: no special abilities


You were on level 4 of the Dungeon.
You visited 1 branch of the dungeon, and saw 4 of its levels.

You collected 164 gold pieces.
You spent 14 gold pieces at shops.

Inventory:

Hand Weapons
 a - a +0 flail (weapon)
Armour
 b - a +1 scale mail of willpower (worn)
 c - a +0 buckler (worn)
Jewellery
 h - an amulet of regeneration (around neck)
Scrolls
 i - a scroll of teleportation
Potions
 d - 2 potions of might
 e - a potion of berserk rage {unknown}
 g - a potion of brilliance {unknown}
 j - 2 potions of cancellation {unknown}
 k - a potion of ambrosia {unknown}
 l - a potion of lignification {unknown}


   Skills:
 + Level 4.7 Fighting
 + Level 3.6 Maces & Flails
 - Level 3.2 Armour
 - Level 3.2 Shields


You had 2 spell levels left.
You knew the following spells:

 Your Spells              Type           Power      Damage    Failure   Level
a - Apportation           Tloc           0%         N/A       77%         1

Your spell library contained the following spells:

 Spells                   Type           Power      Damage    Failure   Level
 Summon Small Mammal      Summ           0%         N/A       77%         1
 Ensorcelled Hibernation  Hex/Ice        0%         N/A       88%         2
 Call Canine Familiar     Summ           0%         N/A       98%         3
 Spider Form              Tmut/Pois      0%         N/A       98%         3
 Summon Guardian Golem    Hex/Summ       0%         N/A       98%         3
 Alistair's Intoxication  Tmut/Pois      0%         N/A       100%        5


Dungeon Overview and Level Annotations

Branches:
Dungeon (4/15)
 Temple: D:4-7

Altars:

Shops:
D:3 *


Innate Abilities, Weirdness & Mutations

You are immune to sickness and miasma.
Your stone body is resilient. (AC +3)
You are immune to poison.
You resist negative energy. (rN+)
You are resistant to electric shocks. (rElec)
You are resistant to unholy torment.
You are immune to petrification.


Message History

You open the door.
There is an open door here.
There is an open door here.
There is a stone staircase leading up here.
You open the door.
There is an open door here.
You open the door.
There is an open door here.
You open the door.
There is an open door here.
A ball python comes into view.
The ball python hisses angrily.
A ball python is nearby!
The ball python bites you but does no damage.
You block the ball python's attack.
You hit the ball python.
You kill the ball python!
No target in view!
No target in view!
No target in view!
No target in view!
No target in view!
No target in view!
No target in view!
No target in view!
No target in view!
No target in view!
No target in view!
You see here a ball python corpse.
An ogre comes into view. It is wielding a +0 giant club.
The ogre shouts!
You aren't carrying any items that you can evoke.
You feel very mighty all of a sudden.
You completely miss the ogre.
The ogre hits you with a +0 giant club!!
Ouch! That really hurt!
You hit the ogre.
The ogre is lightly wounded.
The ogre hits you with a +0 giant club!
You die...

## .....# #≈##
#....# ≈≈≈##....#
####≈≈#....#
...#≈≈#....#+#####
....≈≈...........#
..≈≈≈≈...........#
...≈≈≈....@O.....#
..≈≈≈≈..###......#
.≈..≈≈.†..##+#####
....≈≈.........#
....≈≈.........#
.≈...≈.........#
.≈..≈≈≈........#
....≈≈.≈####...#
..≈.≈≈.≈...#'####


You could see an ogre.

Vanquished Creatures
  4 adders
  A worm (D:2)
  A dart slug (D:2)
  8 ball pythons
  3 endoplasms
  3 giant cockroaches
  8 goblins
  4 hobgoblins
  4 jackals (D:1)
  4 kobolds
  2 quokkas
  7 bats
  4 frilled lizards
  6 rats (D:1)
59 creatures vanquished.

Notes
Turn   | Place    | Note
-------+----------+-------------------------------------------
     0 | D:1      | Ijustatesigmund the Gargoyle Fighter began the quest for
                  | the Orb.
     0 | D:1      | Reached XP level 1. HP: 14/14 MP: 1/1
   114 | D:1      | Reached XP level 2. HP: 14/19 MP: 2/2
   520 | D:1      | Found a faded altar of an unknown god.
   608 | D:1      | Reached XP level 3. HP: 21/24 MP: 3/3
   726 | D:1      | Reached skill level 4 in Fighting
  1036 | D:2      | Learned a level 1 spell: Apportation
  1310 | D:2      | You fall into a shaft and drop 2 floors!
  1460 | D:2      | Reached XP level 4. HP: 30/30 MP: 4/4
  1774 | D:3      | Found Zouruluck's General Store.
  1794 | D:3      | Bought a potion of degeneration for 14 gold pieces
  2277 | D:4      | Noticed an ogre
  2282 | D:4      | Slain by an ogre

Illustrated notes

Levels and vault maps discovered:
D:1:      dpeg_arrival_subterranean_lakeside_camping, layout_rooms,
          basic_ecumenical_altar
D:2:      layout_rooms, fountainhead
D:3:      layout_loops_ring, serial_shops, shop
D:4:      layout_gridville, mainiacjoe_overflow_cross_hatched, serial_rivers,
          chequers_serial_rivers_micro_e, chequers_serial_rivers_marsh,
          chequers_serial_rivers_small_3, chequers_serial_rivers_small_a,
          dk_vineyard_1

Skill      XL: |  1  2  3 |
---------------+----------+-----
Fighting       | 4 |  4.7
Maces & Flails | 3 |  3.6
Armour         | |  3.2
Shields        | |  3.2

Action                   |  1- 3 |  4- 6 || total
-------------------------+-------+-------++-------
Melee: Flail             |   161 |    54 ||   215
  Use: Scroll            |       |     5 ||     5
       Potion            |       |     1 ||     1
Armor: Scale mail        |   105 |    40 ||   145
Dodge: Dodged            |    99 |    23 ||   122
Block: Buckler           |    34 |     7 ||    41

Table legend: (Time is in decaauts)
 A = Elapsed time spent in this place.
 B = Non-inter-level travel time spent in this place.
 C = Inter-level travel time spent in this place.
 D = Time resting spent in this place.
 E = Time spent auto-exploring this place.
 F = Levels seen in this place.
 G = Mean time per level.
                   A        B        C        D        E       F      G
               +--------+--------+--------+--------+--------+-----+--------+
         Total |   2346 |   2276 |     70 |      2 |   1760 |   4 |  586.5 |
       Dungeon |   2346 |   2276 |     70 |      2 |   1760 |   4 |  586.5 |
               +--------+--------+--------+--------+--------+-----+--------+

Top non-repeatable levels by time:
     D:1: 890 daAuts
     D:3: 710 daAuts
     D:2: 656 daAuts
     D:4: 89 daAuts
